 Dungeon Crawl Stone Soup version 0.17-a0-1115-g0372368 (webtiles) character file.

111 Sasamel the Grasshopper (level 4, -5/33 HPs)
             Began as a Demonspawn Warper on May 24, 2015.
             Slain by a gnoll
             ... wielding a +0 halberd
              (9 damage)
             ... on level 2 of the Dungeon.
             The game lasted 00:11:10 (2141 turns).

Sasamel the Grasshopper (Demonspawn Warper)         Turns: 2141, Time: 00:11:10

Health: -5/33      AC:  8    Str: 12    XL:     4   Next: 62%
Magic:  15/16      EV: 11    Int: 17    God:
Gold:   133        SH:  0    Dex: 12    Spells: 3 memorised, 3 levels left

rFire  . . .     SeeInvis .     j - +0 spear (curse)
rCold  . . .     Clarity  .     b - +0 leather armour
rNeg   . . .     SustAt   .     (no shield)
rPois  .         Gourm    .     n - +2 helmet "Apakke" {rCorr MP+9 Int+2}
rElec  .         Spirit   .     (no cloak)
rCorr  +         Warding  .     (no gloves)
rMut   .         Stasis   .     (no boots)
MR     .....                    (no amulet)
Stlth  +.........               (no ring)
                                (no ring)

@: not resistant to hostile enchantments, very unstealthy
A: hooves 1, thin metallic scales 1
a: no special abilities


You were on level 2 of the Dungeon.
You were not hungry.

You visited 1 branch of the dungeon, and saw 2 of its levels.

You collected 133 gold pieces.

Inventory:

Hand weapons
 a - a +0 spear
 j - a cursed +0 spear (weapon)
 k - a +4 whip
 l - a +0 falchion of freezing
 r - a +4 short sword
Missiles
 e - 5 tomahawks of dispersal (quivered)
 q - 10 poisoned needles
Armour
 b - a +0 leather armour (worn)
 n - the +2 helmet "Apakke" (worn) {rCorr MP+9 Int+2}
   (You took it off Robin on level 2 of the Dungeon)

   It affects your intelligence (+2).
   It affects your magic capacity (+9).
   It protects you from acid and corrosion.
Magical devices
 i - a wand of confusion (46)
Scrolls
 d - 2 scrolls of blinking
 g - 3 scrolls of identify
 p - 2 scrolls of recharging
 t - a scroll of immolation {unknown}
 u - a scroll of random uselessness {unknown}
 v - a scroll of remove curse {unknown}
Potions
 h - 2 potions of haste
 m - a potion of brilliance
 o - a potion of heal wounds {unknown}
 w - a potion of curing {unknown}
Books
 c - a book of Spatial Translocations

   Spells                             Type                      Level
   a - Apportation                    Translocation                1
   b - Blink                          Translocation                2
   c - Shroud of Golubria             Charms/Translocation         2
   d - Portal Projectile              Translocation                3
   e - Teleport Other                 Translocation                3
   f - Passage of Golubria            Translocation                4
Comestibles
 f - a bread ration
 s - 4 chunks of flesh


   Skills:
 - Level 2.0 Fighting
 * Level 2.5 Polearms
 - Level 0.8 Throwing
 - Level 0.8 Armour
 - Level 1.7 Dodging
 * Level 2.5 Spellcasting
 - Level 4.2 Translocations


You had 3 spell levels left.
You knew the following spells:

 Your Spells              Type           Power        Failure   Level  Hunger
a - Apportation           Tloc           ###.......   6%          1    #......
b - Blink                 Tloc           N/A          10%         2    ##.....
c - Shroud of Golubria    Chrm/Tloc      #.........   17%         2    ##.....


Dungeon Overview and Level Annotations

Branches:
Dungeon (2/15)

Altars:
Nemelex Xobeh
Xom
Zin


Innate Abilities, Weirdness & Mutations

You have large cloven feet.
You are partially covered in thin metallic scales (AC +2).


Message History

Press: ? - help, Dir - move target cursor, f - gnoll, p - gnoll
Aim: a gnoll, wielding a club You reach to attack!
You hit the gnoll but do no damage.
The gnoll hits the gnoll with a spear.
Attack whom?
Press: ? - help, Dir - move target cursor, f/p - gnoll
Aim: a gnoll, wielding a club You hit the gnoll.
The gnoll is moderately wounded.
The gnoll hits you with a club.
The gnoll hits you from afar with a halberd!
Your shroud falls apart!
You hit the gnoll. You kick the gnoll, but do no damage.
The gnoll is severely wounded.
The gnoll hits you with a club!
* * * LOW HITPOINT WARNING * * *
You hit the gnoll.
The gnoll is almost dead.
The gnoll hits you from afar with a halberd!
You die...

#.# #.......#......# #g#
##.....##......#
#.####.###.##.....##
#........#.###...##
###.##.#.#.####.##
#.............#
#..###.######## #..# #.#
##### #..# #@# #...#
#.g# #g# ##.#)#
#..###g#######....#
*#.....g..........(#####
#.....#.#######....(....
#.....#.........#.######
#...........†.)...#
#.....#########)###
#.....# #.#


You could see 3 gnolls.

Vanquished Creatures
  Robin (D:2)
  4 adders (D:2)
  2 oozes (D:2)
  2 giant geckos
  5 bats
  2 giant cockroaches
  17 goblins
  4 hobgoblins
  11 kobolds
  6 rats
54 creatures vanquished.

Notes
Turn   | Place    | Note
--------------------------------------------------------------
     0 | D:1      | Sasamel the Demonspawn Warper began the quest for the Orb.
     0 | D:1      | Reached XP level 1. HP: 16/16 MP: 3/3
   295 | D:1      | Reached skill level 3 in Translocations
   498 | D:1      | Gained mutation: You are partially covered in thin metallic scales (AC +2). [demonic ancestry]
   498 | D:1      | Reached XP level 2. HP: 13/22 MP: 5/5
  1391 | D:2      | Found a glowing silver altar of Zin.
  1429 | D:2      | Gained mutation: You have large cloven feet. [demonic ancestry]
  1429 | D:2      | Reached XP level 3. HP: 25/27 MP: 6/6
  1507 | D:2      | Noticed Robin
  1544 | D:2      | Killed Robin
  1544 | D:2      | Reached skill level 4 in Translocations
  1552 | D:2      | Learned a level 2 spell: Blink
  1555 | D:2      | Learned a level 2 spell: Shroud of Golubria
  1572 | D:2      | Got a distressingly furry helmet
  1578 | D:2      | Identified the +2 helmet "Apakke" {rCorr MP+9 Int+2} (You took it off Robin on level 2 of the Dungeon)
  1915 | D:2      | Reached XP level 4. HP: 29/33 MP: 7/7
  1974 | D:2      | Found a sparkling altar of Nemelex Xobeh.
  1974 | D:2      | Found a shimmering altar of Xom.
  2141 | D:2      | Slain by a gnoll

Vault maps used:
D:1:      dpeg_arrival_leaves_temple_mockup, minivault_14
D:2:      nicolae_overflow_crystal_walls, grunt_temple_overflow_open, uniq_robin

Action                   |  1- 3 |  4- 6 || total
-------------------------+-------+-------++-------
Melee: Spear             |   211 |    72 ||   283
 Cast: Shroud of Golubri |     1 |     3 ||     4
Evoke: Wand              |       |     2 ||     2
  Use: Scroll            |     3 |     1 ||     4
       Potion            |     2 |       ||     2
  Eat: Chunk             |     2 |     1 ||     3
       Beef jerky        |     1 |       ||     1
